2511 views
Uploaded 2021-08-10 18:43:23
Game version 1.32.10
18:49 long 4on4 ladder game on (8)Sanctuary_LV
Saved by AskeLange
2511 views
Uploaded 2021-08-10 18:43:23
Game version 1.32.10
18:49 long 4on4 ladder game on (8)Sanctuary_LV


205 units @ 23.9k
/ 2.9k
90 buildings @ 13.4k
/ 7k


| Staff of Preservation | 1 | 150 |
| Moonstone | 1 | 50 |
| Lesser Clarity Potion | 1 | 70 |
| Scroll of Town Portal | 2 | 700 |
| Potion of Lesser Invulnerability | 1 | 150 |
| total: | 6 | 1120g |
| Wisp | 27 | 1620 | / | 0 |
| Archer | 4 | 520 | / | 40 |
| Druid of the Talon | 2 | 290 | / | 40 |
| Hippogryph | 15 | 2400 | / | 300 |
| Chimaera | 9 | 2970 | / | 630 |
| Goblin Shredder | 1 | 375 | / | 100 |
| total: | 58 | 8175g | / | 1110w |
| Ancient Protector | 3 | 405 | / | 240 |
| Altar of Elders | 1 | 180 | / | 50 |
| Moon Well | 7 | 1260 | / | 280 |
| Ancient of War | 1 | 150 | / | 60 |
| Tree of Life | 2 | 680 | / | 370 |
| Hunter's Hall | 1 | 210 | / | 100 |
| Ancient of Wonders | 2 | 180 | / | 60 |
| Ancient of Wind | 4 | 600 | / | 560 |
| Ancient of Lore | 2 | 310 | / | 290 |
| Chimaera Roost | 5 | 700 | / | 950 |
| Tree of Ages | 1 | 320 | / | 180 |
| Tree of Eternity | 1 | 330 | / | 200 |
| total: | 28 | 4675g | / | 2960w |
| 0:02 | Wisp |
| 0:02 | Wisp |
| 0:10 | Altar of Elders |
| 0:18 | Moon Well |
| 0:19 | Wisp |
| 0:39 | Ancient of War |
| 0:45 | Wisp |
| 0:45 | Wisp |
| 0:58 | Wisp |
| 0:58 | Wisp |
| 1:18 | Wisp |
| 1:18 | Wisp |
| 1:33 | Moon Well |
| 1:40 | Archer |
| 1:41 | Wisp |
| 1:49 | Wisp |
| 2:11 | Force of Nature |
| 2:23 | Wisp |
| 2:47 | Tree of Ages |
| 3:33 | Tree of Life |
| 3:55 | Entangling Roots |
| 4:27 | Archer |
| 4:27 | Archer |
| 4:35 | Moon Well |
| 4:38 | Hunter's Hall |
| 4:40 | Ancient of Wonders |
| 5:00 | Goblin Shredder |
| 5:15 | Moon Well |
| 5:41 | Wisp |
| 6:11 | Force of Nature |
| 6:17 | Wisp |
| 6:17 | Wisp |
| 6:31 | Tree of Eternity |
| 6:43 | Ancient of Wind |
| 6:48 | Ancient Protector |
| 7:05 | Scout |
| 7:07 | Staff of Preservation |
| 7:07 | Moonstone |
| 7:07 | Lesser Clarity Potion |
| 7:17 | Tree of Life |
| 7:24 | Improved Bows |
| 7:59 | Wisp |
| 7:59 | Wisp |
| 7:59 | Wisp |
| 8:06 | Ancient of Wind |
| 8:08 | Wisp |
| 8:26 | Archer |
| 8:29 | Druid of the Talon |
| 8:32 | Ultravision |
| 8:35 | Moon Well |
| 8:39 | Moon Well |
| 9:03 | Druid of the Talon |
| 9:15 | Chimaera Roost |
| 9:15 | Chimaera Roost |
| 9:16 | Chimaera Roost |
| 9:49 | Trueshot Aura |
| 9:54 | Entangling Roots |
| 10:11 | Chimaera Roost |
| 10:12 | Chimaera Roost |
| 10:19 | Wisp |
| 10:19 | Wisp |
| 10:20 | Wisp |
| 10:21 | Wisp |
| 10:21 | Wisp |
| 10:21 | Wisp |
| 10:21 | Wisp |
| 10:25 | Hippogryph |
| 10:25 | Hippogryph |
| 10:29 | Ancient of Wind |
| 11:02 | Chimaera |
| 11:05 | Hippogryph |
| 11:29 | Hippogryph |
| 11:39 | Hippogryph |
| 11:57 | Hippogryph |
| 12:20 | Hippogryph |
| 12:39 | Hippogryph |
| 13:14 | Ancient Protector |
| 13:15 | Ancient Protector |
| 13:22 | Corrosive Breath |
| 13:24 | Well Spring |
| 13:27 | Ancient of Lore |
| 13:30 | Ancient of Wind |
| 13:42 | Strength of the Wild |
| 13:42 | Reinforced Hides |
| 13:47 | Ancient of Lore |
| 13:50 | Moon Well |
| 14:09 | Scroll of Town Portal |
| 14:10 | Potion of Lesser Invulnerability |
| 14:16 | Hippogryph |
| 14:46 | Chimaera |
| 14:56 | Trueshot Aura |
| 15:05 | Chimaera |
| 15:41 | Force of Nature |
| 15:43 | Chimaera |
| 15:55 | Hippogryph |
| 16:16 | Chimaera |
| 16:20 | Chimaera |
| 16:38 | Chimaera |
| 16:39 | Hippogryph |
| 16:44 | Hippogryph |
| 17:05 | Chimaera |
| 17:07 | Hippogryph |
| 17:11 | Wisp |
| 17:26 | Ancient of Wonders |
| 17:35 | Hippogryph |
| 17:45 | Scout |
| 17:49 | Hippogryph |
| 18:04 | Scroll of Town Portal |
| 18:19 | Chimaera |
| Select group | 996 |
| Right click | 579 |
| Select | 394 |
| Misc. action | 264 |
| Build/train/purchase | 100 |
| Assign group | 49 |
| Use ability | 38 |
| Minimap ping | 12 |
| Item give/drop | 8 |



| Potion of Healing | 3 | 450 |
| Orb of Venom | 1 | 325 |
| Scroll of Town Portal | 2 | 700 |
| total: | 6 | 1475g |
| Wisp | 30 | 1800 | / | 0 |
| Archer | 9 | 1170 | / | 90 |
| Mountain Giant | 2 | 700 | / | 200 |
| Goblin Shredder | 1 | 375 | / | 100 |
| total: | 42 | 4045g | / | 390w |
| Ancient Protector | 5 | 675 | / | 400 |
| Altar of Elders | 1 | 180 | / | 50 |
| Moon Well | 6 | 1080 | / | 240 |
| Ancient of War | 1 | 150 | / | 60 |
| Hunter's Hall | 1 | 210 | / | 100 |
| Ancient of Wonders | 1 | 90 | / | 30 |
| Tree of Life | 1 | 340 | / | 185 |
| Ancient of Lore | 2 | 310 | / | 290 |
| Tree of Ages | 1 | 320 | / | 180 |
| Tree of Eternity | 1 | 330 | / | 200 |
| total: | 18 | 3035g | / | 1355w |
| 0:03 | Wisp |
| 0:04 | Wisp |
| 0:15 | Wisp |
| 0:24 | Altar of Elders |
| 0:29 | Wisp |
| 0:49 | Moon Well |
| 0:52 | Wisp |
| 0:58 | Ancient of War |
| 1:03 | Wisp |
| 1:04 | Wisp |
| 1:16 | Wisp |
| 1:27 | Wisp |
| 1:44 | Moon Well |
| 1:52 | Wisp |
| 2:08 | Archer |
| 2:08 | Archer |
| 2:58 | Tree of Ages |
| 3:12 | Force of Nature |
| 3:17 | Archer |
| 3:17 | Archer |
| 3:22 | Moon Well |
| 3:51 | Archer |
| 4:09 | Hunter's Hall |
| 4:24 | Archer |
| 4:27 | Archer |
| 4:39 | Entangling Roots |
| 4:50 | Archer |
| 5:05 | Archer |
| 5:10 | Moon Well |
| 5:18 | Ancient of Wonders |
| 5:47 | Tree of Eternity |
| 6:25 | Tree of Life |
| 6:52 | Improved Bows |
| 6:59 | Force of Nature |
| 7:29 | Ancient of Lore |
| 7:34 | Ancient of Lore |
| 8:49 | Wisp |
| 8:49 | Wisp |
| 9:10 | Frost Arrows |
| 9:28 | Mountain Giant |
| 9:53 | Wisp |
| 10:04 | Wisp |
| 10:19 | Resistant Skin |
| 10:21 | Hardened Skin |
| 11:16 | Mountain Giant |
| 12:57 | Wisp |
| 12:58 | Wisp |
| 12:58 | Wisp |
| 13:04 | Reinforced Hides |
| 13:10 | Wisp |
| 13:13 | Wisp |
| 13:13 | Wisp |
| 13:13 | Wisp |
| 13:13 | Wisp |
| 13:34 | Ancient Protector |
| 13:38 | Goblin Shredder |
| 14:01 | Moon Well |
| 14:02 | Moon Well |
| 15:21 | Wisp |
| 15:21 | Wisp |
| 15:25 | Ancient Protector |
| 15:29 | Ancient Protector |
| 15:40 | Ancient Protector |
| 15:46 | Ancient Protector |
| 15:50 | Wisp |
| 15:50 | Wisp |
| 15:52 | Wisp |
| 15:52 | Wisp |
| 15:52 | Wisp |
| 15:53 | Wisp |
| 15:57 | Scroll of Town Portal |
| 15:58 | Potion of Healing |
| 15:59 | Orb of Venom |
| 16:02 | Scroll of Town Portal |
| 16:02 | Potion of Healing |
| 16:08 | Trueshot Aura |
| 16:12 | Potion of Healing |
| 16:43 | Improved Reinforced Hides |
| 17:02 | Entangling Roots |
| 17:39 | Forked Lightning |
| Right click | 296 |
| Select | 215 |
| Select group | 77 |
| Build/train/purchase | 72 |
| Misc. action | 46 |
| Use ability | 19 |
| Assign group | 13 |
| Remove unit | 9 |
| Minimap ping | 7 |


| Scroll of Regeneration | 2 | 200 |
| Potion of Healing | 2 | 300 |
| Potion of Mana | 2 | 400 |
| total: | 6 | 900g |
| Peasant | 46 | 3450 | / | 0 |
| Footman | 7 | 945 | / | 0 |
| Rifleman | 3 | 615 | / | 90 |
| Flying Machine | 19 | 1900 | / | 570 |
| Goblin Shredder | 1 | 375 | / | 100 |
| total: | 76 | 7285g | / | 760w |
| Scout Tower | 10 | 300 | / | 200 |
| Arcane Tower | 2 | 140 | / | 100 |
| Guard Tower | 3 | 210 | / | 150 |
| Altar of Kings | 1 | 180 | / | 50 |
| Farm | 5 | 400 | / | 100 |
| Barracks | 1 | 160 | / | 60 |
| Lumber Mill | 1 | 120 | / | 0 |
| Blacksmith | 1 | 140 | / | 60 |
| Arcane Vault | 1 | 130 | / | 30 |
| Town Hall | 3 | 1155 | / | 615 |
| Workshop | 2 | 280 | / | 280 |
| Keep | 2 | 640 | / | 420 |
| total: | 25 | 2865g | / | 1395w |
| 0:06 | Peasant |
| 0:06 | Peasant |
| 0:07 | Peasant |
| 0:40 | Peasant |
| 0:53 | Altar of Kings |
| 1:02 | Farm |
| 1:04 | Peasant |
| 1:09 | Barracks |
| 1:13 | Farm |
| 1:16 | Peasant |
| 1:16 | Peasant |
| 1:16 | Peasant |
| 1:18 | Scout Tower |
| 1:23 | Peasant |
| 1:29 | Farm |
| 1:38 | Peasant |
| 1:48 | Peasant |
| 2:11 | Scout Tower |
| 2:14 | Footman |
| 2:14 | Footman |
| 2:24 | Arcane Tower |
| 2:31 | Footman |
| 2:43 | Arcane Tower |
| 2:49 | Peasant |
| 2:51 | Footman |
| 2:51 | Footman |
| 2:58 | Flame Strike |
| 3:25 | Keep |
| 3:53 | Footman |
| 3:57 | Lumber Mill |
| 4:07 | Blacksmith |
| 4:24 | Arcane Vault |
| 4:57 | Siphon Mana |
| 5:25 | Town Hall |
| 5:26 | Scout Tower |
| 5:28 | Scout Tower |
| 5:30 | Scout Tower |
| 5:37 | Scout Tower |
| 5:40 | Scout Tower |
| 5:42 | Scroll of Regeneration |
| 5:52 | Farm |
| 5:54 | Farm |
| 5:56 | Improved Lumber Harvesting |
| 6:00 | Guard Tower |
| 6:16 | Scout Tower |
| 6:52 | Flame Strike |
| 7:26 | Footman |
| 7:28 | Potion of Healing |
| 7:28 | Potion of Mana |
| 7:36 | Holy Light |
| 7:43 | Peasant |
| 7:43 | Peasant |
| 7:44 | Peasant |
| 8:15 | Town Hall |
| 8:26 | Guard Tower |
| 8:43 | Goblin Shredder |
| 8:49 | Peasant |
| 8:49 | Peasant |
| 8:49 | Peasant |
| 9:07 | Peasant |
| 9:07 | Peasant |
| 9:15 | Scout Tower |
| 10:00 | Scout Tower |
| 10:18 | Guard Tower |
| 10:20 | Improved Masonry |
| 10:26 | Potion of Healing |
| 10:27 | Potion of Mana |
| 10:28 | Rifleman |
| 10:28 | Rifleman |
| 11:00 | Workshop |
| 11:00 | Workshop |
| 11:02 | Peasant |
| 11:02 | Peasant |
| 11:02 | Peasant |
| 11:02 | Peasant |
| 11:02 | Peasant |
| 11:35 | Peasant |
| 11:42 | Peasant |
| 11:43 | Peasant |
| 11:43 | Peasant |
| 11:43 | Peasant |
| 11:43 | Peasant |
| 11:51 | Peasant |
| 12:07 | Scroll of Regeneration |
| 12:33 | Black Gunpowder |
| 12:37 | Flak Cannons |
| 12:47 | Flying Machine |
| 12:51 | Peasant |
| 12:52 | Peasant |
| 12:54 | Peasant |
| 12:59 | Flying Machine |
| 13:04 | Flying Machine |
| 13:04 | Flying Machine |
| 13:20 | Flying Machine |
| 13:30 | Flying Machine |
| 13:34 | Flying Machine |
| 13:36 | Peasant |
| 13:37 | Peasant |
| 13:42 | Flying Machine |
| 13:50 | Iron Plating |
| 13:52 | Flying Machine |
| 13:57 | Flying Machine |
| 14:15 | Flying Machine |
| 14:24 | Flying Machine |
| 14:31 | Peasant |
| 14:32 | Peasant |
| 14:35 | Devotion Aura |
| 14:43 | Peasant |
| 14:44 | Peasant |
| 14:46 | Peasant |
| 14:46 | Peasant |
| 14:59 | Peasant |
| 15:02 | Peasant |
| 15:14 | Rifleman |
| 15:38 | Flying Machine |
| 15:43 | Siphon Mana |
| 16:14 | Flying Machine |
| 16:32 | Flying Machine |
| 16:44 | Flying Machine |
| 16:51 | Flying Machine |
| 16:54 | Advanced Masonry |
| 17:07 | Flying Machine |
| 17:12 | Town Hall |
| 17:15 | Flying Machine |
| 18:14 | Peasant |
| Right click | 944 |
| Select | 404 |
| Select group | 223 |
| Build/train/purchase | 122 |
| Misc. action | 98 |
| Use ability | 37 |
| Assign group | 28 |
| Esc | 4 |
| Chat | 4 |
| Item give/drop | 2 |


| Healing Salve | 3 | 300 |
| Lesser Clarity Potion | 2 | 140 |
| Potion of Healing | 1 | 150 |
| Scroll of Regeneration | 1 | 100 |
| total: | 7 | 690g |
| Peon | 11 | 825 | / | 0 |
| Grunt | 5 | 1000 | / | 0 |
| Tauren | 6 | 1680 | / | 480 |
| Shaman | 7 | 910 | / | 140 |
| total: | 29 | 4415g | / | 620w |
| Watch Tower | 5 | 550 | / | 400 |
| Altar of Storms | 1 | 180 | / | 50 |
| Orc Burrow | 7 | 1120 | / | 280 |
| Voodoo Lounge | 1 | 130 | / | 30 |
| War Mill | 1 | 205 | / | 0 |
| Barracks | 1 | 180 | / | 50 |
| Spirit Lodge | 1 | 150 | / | 150 |
| Tauren Totem | 2 | 270 | / | 310 |
| Stronghold | 1 | 315 | / | 190 |
| Fortress | 1 | 325 | / | 190 |
| total: | 19 | 2785g | / | 1270w |
| 0:05 | Peon |
| 0:06 | Peon |
| 0:06 | Peon |
| 0:16 | Altar of Storms |
| 0:21 | Orc Burrow |
| 0:44 | Voodoo Lounge |
| 0:50 | Peon |
| 1:01 | Peon |
| 1:21 | War Mill |
| 1:36 | Barracks |
| 1:40 | Peon |
| 1:46 | Peon |
| 1:55 | Orc Burrow |
| 2:00 | Peon |
| 2:18 | Healing Salve |
| 2:22 | Critical Strike |
| 2:30 | Peon |
| 2:48 | Grunt |
| 2:58 | Orc Burrow |
| 3:15 | Healing Salve |
| 3:34 | Stronghold |
| 4:16 | Grunt |
| 4:26 | Orc Burrow |
| 4:39 | Wind Walk |
| 5:02 | Grunt |
| 5:04 | Steel Melee Weapons |
| 5:34 | Watch Tower |
| 5:39 | Watch Tower |
| 5:43 | Watch Tower |
| 5:46 | Watch Tower |
| 5:47 | Watch Tower |
| 6:06 | Healing Salve |
| 6:51 | Critical Strike |
| 7:05 | Berserker Strength |
| 7:07 | Reinforced Defenses |
| 7:08 | Steel Armor |
| 7:10 | Grunt |
| 7:20 | Endurance Aura |
| 8:08 | Fortress |
| 8:13 | Spirit Lodge |
| 8:15 | Grunt |
| 10:10 | Tauren Totem |
| 10:11 | Shaman Adept Training |
| 10:48 | Tauren Totem |
| 10:53 | Shockwave |
| 11:09 | Orc Burrow |
| 11:17 | Shaman Master Training |
| 11:49 | Tauren |
| 12:42 | Shaman |
| 12:42 | Shaman |
| 12:53 | Tauren |
| 12:54 | Tauren |
| 13:34 | Tauren |
| 13:45 | Scroll of Regeneration |
| 13:45 | Lesser Clarity Potion |
| 14:38 | Wind Walk |
| 14:45 | Shaman |
| 14:45 | Shaman |
| 14:46 | Pulverize |
| 14:52 | Orc Burrow |
| 14:54 | Peon |
| 14:54 | Peon |
| 15:29 | Shockwave |
| 16:05 | Tauren |
| 16:10 | Shaman |
| 16:11 | Shaman |
| 16:15 | Orc Burrow |
| 16:18 | Lesser Clarity Potion |
| 16:29 | Potion of Healing |
| 16:43 | Shaman |
| 16:59 | Critical Strike |
| 17:16 | Tauren |
| Right click | 634 |
| Select | 314 |
| Build/train/purchase | 101 |
| Select group | 57 |
| Misc. action | 38 |
| Assign group | 24 |
| Chat | 21 |
| Use ability | 16 |
| Item give/drop | 2 |
| Remove unit | 2 |
| Minimap ping | 2 |
144 units @ 22.4k
/ 3.4k
69 buildings @ 10.8k
/ 4.3k


| Lesser Clarity Potion | 1 | 70 |
| Scroll of Regeneration | 1 | 100 |
| Scroll of Town Portal | 1 | 350 |
| Scroll of Healing | 2 | 500 |
| Orb of Venom | 1 | 325 |
| Orb of Corruption | 1 | 375 |
| total: | 7 | 1720g |
| Peasant | 14 | 1050 | / | 0 |
| Rifleman | 17 | 3485 | / | 510 |
| total: | 31 | 4535g | / | 510w |
| Altar of Kings | 1 | 180 | / | 50 |
| Farm | 14 | 1120 | / | 280 |
| Barracks | 2 | 320 | / | 120 |
| Blacksmith | 1 | 140 | / | 60 |
| Lumber Mill | 1 | 120 | / | 0 |
| Arcane Vault | 1 | 130 | / | 30 |
| Town Hall | 1 | 385 | / | 205 |
| Keep | 1 | 320 | / | 210 |
| Castle | 1 | 360 | / | 210 |
| total: | 21 | 2395g | / | 745w |
| 0:03 | Peasant |
| 0:03 | Peasant |
| 0:06 | Altar of Kings |
| 0:15 | Peasant |
| 0:22 | Farm |
| 0:42 | Peasant |
| 0:55 | Peasant |
| 1:06 | Peasant |
| 1:15 | Peasant |
| 1:28 | Barracks |
| 1:32 | Blacksmith |
| 1:38 | Farm |
| 1:40 | Peasant |
| 2:10 | Storm Bolt |
| 2:15 | Barracks |
| 2:19 | Farm |
| 2:21 | Peasant |
| 2:21 | Peasant |
| 2:47 | Rifleman |
| 2:50 | Peasant |
| 3:04 | Farm |
| 3:13 | Lumber Mill |
| 3:19 | Rifleman |
| 3:39 | Rifleman |
| 4:11 | Rifleman |
| 4:13 | Farm |
| 4:52 | Rifleman |
| 4:53 | Rifleman |
| 4:55 | Bash |
| 5:09 | Farm |
| 5:19 | Arcane Vault |
| 5:22 | Rifleman |
| 5:55 | Keep |
| 5:59 | Storm Bolt |
| 6:27 | Rifleman |
| 6:29 | Black Gunpowder |
| 7:06 | Town Hall |
| 7:46 | Rifleman |
| 7:48 | Studded Leather Armor |
| 7:50 | Farm |
| 7:52 | Farm |
| 8:26 | Farm |
| 8:28 | Farm |
| 8:37 | Bash |
| 8:45 | Long Rifles |
| 10:04 | Rifleman |
| 10:06 | Refined Gunpowder |
| 10:08 | Peasant |
| 10:08 | Peasant |
| 10:09 | Peasant |
| 10:16 | Holy Light |
| 10:18 | Storm Bolt |
| 10:20 | Lesser Clarity Potion |
| 10:34 | Rifleman |
| 11:09 | Scroll of Town Portal |
| 11:14 | Orb of Venom |
| 11:51 | Devotion Aura |
| 12:10 | Rifleman |
| 12:11 | Castle |
| 12:14 | Scroll of Regeneration |
| 12:29 | Reinforced Leather Armor |
| 12:49 | Rifleman |
| 13:17 | Rifleman |
| 13:43 | Holy Light |
| 14:10 | Rifleman |
| 14:11 | Farm |
| 14:13 | Farm |
| 14:56 | Orb of Corruption |
| 15:10 | Scroll of Healing |
| 15:11 | Scroll of Healing |
| 15:54 | Devotion Aura |
| 16:26 | Rifleman |
| 16:27 | Rifleman |
| 16:29 | Farm |
| 16:29 | Farm |
| 16:31 | Imbued Gunpowder |
| 16:32 | Dragonhide Armor |
| 17:39 | Avatar |
| 18:04 | Holy Light |
| Right click | 716 |
| Select | 368 |
| Select group | 256 |
| Chat | 207 |
| Build/train/purchase | 75 |
| Misc. action | 69 |
| Use ability | 30 |
| Assign group | 26 |
| Item give/drop | 6 |
| Minimap ping | 1 |



| Rod of Necromancy | 1 | 150 |
| Orb of Corruption | 1 | 375 |
| Scroll of Town Portal | 1 | 350 |
| total: | 3 | 875g |
| Acolyte | 3 | 225 | / | 0 |
| Ghoul | 4 | 480 | / | 0 |
| Crypt Fiend | 10 | 2150 | / | 400 |
| Obsidian Statue | 4 | 800 | / | 140 |
| Frost Wyrm | 2 | 770 | / | 240 |
| total: | 23 | 4425g | / | 780w |
| Graveyard | 1 | 215 | / | 0 |
| Crypt | 2 | 400 | / | 100 |
| Altar of Darkness | 1 | 180 | / | 50 |
| Tomb of Relics | 1 | 130 | / | 30 |
| Ziggurat | 6 | 900 | / | 300 |
| Slaughterhouse | 1 | 140 | / | 135 |
| Boneyard | 2 | 350 | / | 400 |
| Halls of the Dead | 2 | 640 | / | 420 |
| Black Citadel | 1 | 325 | / | 230 |
| total: | 14 | 2315g | / | 1015w |
| 0:02 | Acolyte |
| 0:06 | Graveyard |
| 0:09 | Crypt |
| 0:18 | Acolyte |
| 0:18 | Acolyte |
| 0:42 | Altar of Darkness |
| 0:44 | Tomb of Relics |
| 1:00 | Ziggurat |
| 1:11 | Ghoul |
| 1:11 | Ghoul |
| 1:51 | Crypt Fiend |
| 1:53 | Ziggurat |
| 2:11 | Crypt Fiend |
| 2:48 | Rod of Necromancy |
| 3:07 | Death Coil |
| 3:18 | Crypt Fiend |
| 3:32 | Halls of the Dead |
| 3:45 | Crypt Fiend |
| 3:56 | Unholy Aura |
| 4:32 | Ziggurat |
| 4:34 | Ghoul |
| 4:35 | Ghoul |
| 4:39 | Creature Attack |
| 5:32 | Death Coil |
| 6:00 | Black Citadel |
| 6:19 | Burrow |
| 6:46 | Slaughterhouse |
| 6:59 | Frost Nova |
| 7:48 | Obsidian Statue |
| 7:51 | Ziggurat |
| 8:11 | Unholy Aura |
| 8:51 | Obsidian Statue |
| 8:56 | Improved Creature Attack |
| 10:15 | Boneyard |
| 10:16 | Boneyard |
| 10:37 | Impale |
| 11:01 | Ziggurat |
| 11:01 | Ziggurat |
| 11:03 | Advanced Creature Attack |
| 11:46 | Scroll of Town Portal |
| 11:57 | Orb of Corruption |
| 12:00 | Frost Wyrm |
| 12:03 | Frost Armor |
| 12:57 | Frost Wyrm |
| 13:10 | Spiked Carapace |
| 13:41 | Creature Carapace |
| 14:09 | Crypt Fiend |
| 14:46 | Crypt Fiend |
| 14:49 | Crypt |
| 15:12 | Web |
| 15:16 | Frost Nova |
| 15:33 | Impale |
| 15:42 | Death Coil |
| 15:52 | Crypt Fiend |
| 15:55 | Obsidian Statue |
| 15:55 | Obsidian Statue |
| 16:17 | Frost Armor |
| 16:24 | Crypt Fiend |
| 16:59 | Spiked Carapace |
| 18:13 | Animate Dead |
| 18:34 | Frost Nova |
| 18:35 | Impale |
| 18:46 | Crypt Fiend |
| 18:47 | Crypt Fiend |
| Select group | 1660 |
| Right click | 1181 |
| Select | 390 |
| Chat | 134 |
| Build/train/purchase | 93 |
| Assign group | 53 |
| Use ability | 48 |
| Misc. action | 27 |
| Item give/drop | 3 |

| Rod of Necromancy | 3 | 450 |
| Potion of Healing | 3 | 450 |
| Potion of Mana | 4 | 800 |
| Orb of Corruption | 1 | 375 |
| Scroll of Town Portal | 3 | 1050 |
| Boots of Speed | 1 | 250 |
| total: | 15 | 3375g |
| Acolyte | 12 | 900 | / | 0 |
| Ghoul | 6 | 720 | / | 0 |
| Gargoyle | 10 | 1750 | / | 300 |
| Frost Wyrm | 5 | 1925 | / | 600 |
| Goblin Shredder | 2 | 750 | / | 200 |
| total: | 35 | 6045g | / | 1100w |
| Crypt | 3 | 600 | / | 150 |
| Ziggurat | 6 | 900 | / | 300 |
| Altar of Darkness | 1 | 180 | / | 50 |
| Tomb of Relics | 1 | 130 | / | 30 |
| Graveyard | 1 | 215 | / | 0 |
| Necropolis | 2 | 450 | / | 0 |
| Boneyard | 2 | 350 | / | 400 |
| Halls of the Dead | 1 | 320 | / | 210 |
| Black Citadel | 2 | 650 | / | 460 |
| total: | 16 | 2825g | / | 930w |
| 0:02 | Acolyte |
| 0:10 | Crypt |
| 0:11 | Ziggurat |
| 0:18 | Acolyte |
| 0:35 | Altar of Darkness |
| 1:14 | Ghoul |
| 1:18 | Tomb of Relics |
| 1:29 | Ziggurat |
| 1:31 | Ghoul |
| 1:48 | Ghoul |
| 1:48 | Ghoul |
| 2:08 | Ghoul |
| 2:43 | Rod of Necromancy |
| 2:48 | Carrion Swarm |
| 2:51 | Acolyte |
| 2:51 | Acolyte |
| 2:54 | Ghoul |
| 2:56 | Ziggurat |
| 3:21 | Acolyte |
| 3:43 | Acolyte |
| 4:12 | Vampiric Aura |
| 4:28 | Halls of the Dead |
| 5:13 | Goblin Shredder |
| 5:13 | Goblin Shredder |
| 5:29 | Rod of Necromancy |
| 5:29 | Rod of Necromancy |
| 6:11 | Graveyard |
| 6:14 | Crypt |
| 6:15 | Crypt |
| 6:19 | Carrion Swarm |
| 6:31 | Necropolis |
| 6:53 | Black Citadel |
| 7:50 | Gargoyle |
| 8:24 | Gargoyle |
| 8:48 | Boots of Speed |
| 9:05 | Gargoyle |
| 9:08 | Ziggurat |
| 9:10 | Ziggurat |
| 9:10 | Ziggurat |
| 9:25 | Potion of Healing |
| 9:25 | Potion of Mana |
| 9:33 | Scroll of Town Portal |
| 9:35 | Boneyard |
| 9:36 | Boneyard |
| 9:38 | Creature Attack |
| 9:38 | Creature Carapace |
| 9:56 | Stone Form |
| 9:57 | Gargoyle |
| 10:30 | Vampiric Aura |
| 11:03 | Potion of Healing |
| 11:03 | Potion of Mana |
| 11:19 | Scroll of Town Portal |
| 11:20 | Orb of Corruption |
| 11:29 | Potion of Mana |
| 11:30 | Potion of Mana |
| 11:43 | Frost Wyrm |
| 11:46 | Improved Creature Attack |
| 12:24 | Potion of Healing |
| 12:28 | Scroll of Town Portal |
| 12:42 | Gargoyle |
| 13:12 | Gargoyle |
| 13:32 | Frost Wyrm |
| 13:55 | Acolyte |
| 14:39 | Frost Wyrm |
| 15:02 | Gargoyle |
| 15:09 | Carrion Swarm |
| 15:59 | Gargoyle |
| 16:01 | Acolyte |
| 16:12 | Frost Wyrm |
| 16:40 | Gargoyle |
| 17:07 | Necropolis |
| 17:51 | Acolyte |
| 17:51 | Acolyte |
| 17:51 | Acolyte |
| 17:51 | Acolyte |
| 17:58 | Frost Wyrm |
| 18:00 | Gargoyle |
| 18:23 | Freezing Breath |
| 18:24 | Advanced Creature Attack |
| Right click | 1184 |
| Select group | 1153 |
| Select | 288 |
| Chat | 128 |
| Build/train/purchase | 97 |
| Assign group | 60 |
| Use ability | 27 |
| Misc. action | 22 |
| Item give/drop | 5 |
| Minimap ping | 2 |
| Esc | 1 |

| Moonstone | 2 | 100 |
| Staff of Preservation | 1 | 150 |
| Anti-magic Potion | 1 | 100 |
| Potion of Mana | 4 | 800 |
| Lesser Clarity Potion | 1 | 70 |
| Potion of Healing | 2 | 300 |
| Scroll of Town Portal | 4 | 1400 |
| total: | 15 | 2920g |
| Wisp | 25 | 1500 | / | 0 |
| Archer | 6 | 780 | / | 60 |
| Hippogryph | 12 | 1920 | / | 240 |
| Faerie Dragon | 5 | 775 | / | 125 |
| Chimaera | 5 | 1650 | / | 350 |
| Goblin Shredder | 2 | 750 | / | 200 |
| total: | 55 | 7375g | / | 975w |
| Moon Well | 7 | 1260 | / | 280 |
| Ancient of War | 2 | 300 | / | 120 |
| Altar of Elders | 1 | 180 | / | 50 |
| Tree of Life | 2 | 680 | / | 370 |
| Ancient of Wonders | 1 | 90 | / | 30 |
| Hunter's Hall | 1 | 210 | / | 100 |
| Ancient of Wind | 2 | 300 | / | 280 |
| Chimaera Roost | 2 | 280 | / | 380 |
| Tree of Ages | 1 | 320 | / | 180 |
| Tree of Eternity | 1 | 330 | / | 200 |
| total: | 18 | 3300g | / | 1610w |
| 0:12 | Wisp |
| 0:12 | Wisp |
| 0:12 | Wisp |
| 0:12 | Wisp |
| 0:28 | Moon Well |
| 0:32 | Ancient of War |
| 0:42 | Wisp |
| 1:04 | Wisp |
| 1:19 | Altar of Elders |
| 1:21 | Wisp |
| 1:32 | Wisp |
| 1:43 | Archer |
| 1:55 | Archer |
| 2:10 | Moon Well |
| 2:27 | Summon Lava Spawn |
| 3:08 | Wisp |
| 3:08 | Wisp |
| 3:08 | Wisp |
| 3:09 | Ancient of War |
| 4:20 | Archer |
| 4:25 | Tree of Life |
| 4:28 | Archer |
| 4:31 | Moon Well |
| 4:47 | Ancient of Wonders |
| 5:10 | Tree of Ages |
| 5:22 | Incinerate |
| 5:49 | Goblin Shredder |
| 5:49 | Goblin Shredder |
| 5:57 | Summon Lava Spawn |
| 6:02 | Hunter's Hall |
| 6:39 | Moon Well |
| 6:40 | Moon Well |
| 7:42 | Tree of Eternity |
| 7:44 | Wisp |
| 7:44 | Wisp |
| 7:44 | Wisp |
| 7:44 | Wisp |
| 7:44 | Wisp |
| 7:55 | Incinerate |
| 8:23 | Archer |
| 8:48 | Ancient of Wind |
| 8:48 | Ancient of Wind |
| 9:38 | Summon Lava Spawn |
| 9:44 | Archer |
| 9:59 | Moonstone |
| 10:05 | Scroll of Town Portal |
| 10:12 | Hippogryph |
| 10:13 | Faerie Dragon |
| 10:15 | Staff of Preservation |
| 10:17 | Anti-magic Potion |
| 10:18 | Potion of Mana |
| 10:23 | Chimaera Roost |
| 10:24 | Chimaera Roost |
| 10:38 | Faerie Dragon |
| 11:05 | Faerie Dragon |
| 11:06 | Strength of the Wild |
| 11:07 | Reinforced Hides |
| 11:46 | Faerie Dragon |
| 11:53 | Moon Well |
| 11:53 | Moon Well |
| 11:56 | Wisp |
| 11:57 | Wisp |
| 12:28 | Tree of Life |
| 12:30 | Corrosive Breath |
| 12:30 | Chimaera |
| 12:57 | Scroll of Town Portal |
| 13:10 | Lesser Clarity Potion |
| 13:12 | Potion of Mana |
| 13:15 | Hippogryph |
| 13:57 | Hippogryph |
| 14:01 | Hippogryph |
| 14:32 | Chimaera |
| 14:34 | Hippogryph |
| 14:59 | Potion of Healing |
| 15:01 | Potion of Mana |
| 15:13 | Scroll of Town Portal |
| 15:23 | Hippogryph |
| 15:24 | Hippogryph |
| 15:51 | Volcano |
| 15:55 | Hippogryph |
| 16:03 | Faerie Dragon |
| 16:06 | Wisp |
| 16:06 | Wisp |
| 16:07 | Wisp |
| 16:07 | Wisp |
| 16:15 | Wisp |
| 16:16 | Wisp |
| 16:19 | Wisp |
| 16:43 | Chimaera |
| 17:03 | Hippogryph |
| 17:33 | Hippogryph |
| 18:08 | Moonstone |
| 18:12 | Scroll of Town Portal |
| 18:13 | Potion of Healing |
| 18:13 | Potion of Mana |
| 18:17 | Chimaera |
| 18:18 | Hippogryph |
| 18:42 | Chimaera |
| 18:44 | Hippogryph |
| Right click | 356 |
| Select group | 343 |
| Select | 272 |
| Build/train/purchase | 134 |
| Chat | 78 |
| Misc. action | 60 |
| Assign group | 41 |
| Use ability | 30 |
| Resource trade | 8 |
| Item give/drop | 6 |
| Minimap ping | 4 |
| Esc | 1 |
⇛